 Dungeon Crawl Stone Soup version 0.26.1-11-gd32895ea62 (webtiles) character file.

Game seed: 2647990089603794210

580 Mitsuki the Conjurer (level 7, -12/36 HPs)
             Began as a Deep Elf Conjurer on June 18, 2021.
             Killed by divine providence
             ... invoked by an orc priest
              (13 damage)
             ... on level 5 of the Dungeon.
             The game lasted 00:11:27 (3432 turns).

Mitsuki the Conjurer (Deep Elf Conjurer)            Turns: 3432, Time: 00:11:27

Health: -12/36     AC:  5    Str:  9    XL:     7   Next: 13%
Magic:  19/25      EV: 13    Int: 24    God:
Gold:   199        SH:  4    Dex: 13    Spells: 12/16 levels left

rFire    . . .     SeeInvis .   d - +2 whip (elec)
rCold    . . .     Faith    .   k - +0 buckler
rNeg     + . .     Spirit   .   x - +2 leather armour "Ebejoboa" {rN+}
rPois    .         Reflect  .   (no helmet)
rElec    .         Harm     .   (no cloak)
rCorr    .         Rampage  .   (no gloves)
Will     .....                  (no boots)
Stlth    +++.......             c - amulet of magic regeneration
HPRegen  0.12/turn              p - ring of Ephemeral Luck {Str+4 Stlth+}
MPRegen  0.44/turn              u - ring of magical power

@: no status effects
A: no striking features
a: no special abilities


You were on level 5 of the Dungeon.
You visited 1 branch of the dungeon, and saw 5 of its levels.

You collected 199 gold pieces.

Inventory:

Hand Weapons
 d - a +2 whip of electrocution (weapon)
Armour
 k - a +0 buckler (worn)
 x - the +2 leather armour "Ebejoboa" (worn) {rN+}
   (You took it off an orc on level 4 of the Dungeon)

   It protects you from negative energy.
Jewellery
 c - an amulet of magic regeneration (around neck)
 m - an uncursed ring of positive energy
 p - the ring of Ephemeral Luck (left hand) {Str+4 Stlth+}
   (You found it on level 3 of the Dungeon)

   [ring of stealth]

   It affects your strength (+4).
   It makes you more stealthy.
 r - a +6 ring of dexterity
 u - a ring of magical power (right hand)
 v - an uncursed ring of fire
 w - an uncursed ring of flight {unknown}
Wands
 s - a wand of acid (19)
 t - a wand of polymorph (10)
 y - a wand of iceblast (6)
Scrolls
 b - 5 scrolls of teleportation {unknown}
 e - 2 scrolls of identify
 f - 3 scrolls of enchant weapon {unknown}
 g - a scroll of fear {unknown}
 h - a scroll of enchant armour {unknown}
 i - 5 scrolls of remove curse {unknown}
 n - 4 scrolls of magic mapping {unknown}
 q - a scroll of amnesia {unknown}
Potions
 a - a potion of mutation {unknown}
 j - a potion of magic
 l - a potion of attraction
 o - 4 potions of might
 z - 2 potions of brilliance {unknown}


   Skills:
 + Level 4.5 Dodging
 - Level 2.4 Stealth
 + Level 1.9 Shields
 + Level 5.0 Spellcasting
 * Level 6.7 Conjurations
 + Level 2.9 Translocations


You had 12 spell levels left.
You knew the following spells:

 Your Spells              Type           Power        Failure   Level
a - Magic Dart            Conj           100%         1%          1
b - Searing Ray           Conj           76%          1%          2
c - Apportation           Tloc           40%          4%          1

Your spell library contained the following spells:

 Spells                   Type           Power        Failure   Level
 Dazzling Flash           Conj/Hex       44%          12%         3
 Animate Skeleton         Necr           12%          16%         1
 Corona                   Hex            6%           16%         1
 Summon Small Mammal      Summ           24%          16%         1
 Iskenderun's Mystic Bla  Conj/Tloc      29%          22%         4
 Fulminant Prism          Conj/Hex       11%          36%         4


Dungeon Overview and Level Annotations

Branches:
Dungeon (5/15)
 Temple: D:4-7

Altars:


Message History

The searing ray hits the orc wizard!
The orc wizard is severely wounded.
The orc completely misses you.
The orc priest hits you with a +0 falchion.
You take 3 damage, and have 21/36 hp.
You now have 19/25 mp.
The searing ray misses the orc wizard.
The orc wizard points at you and mumbles some strange words.
The puff of frost hits you! The orc hits you with a +0 club.
* * * LOW HITPOINT WARNING * * *
The orc priest hits you with a +0 falchion.
* * * LOW HITPOINT WARNING * * *
An ogre comes into view. It is wielding a +0 giant club.
You take 14 damage, and have 7/36 hp.
MASSIVE DAMAGE!!
The orc wizard hits you with a +0 dagger.
* * * LOW HITPOINT WARNING * * *
The orc hits you with a +0 club.
* * * LOW HITPOINT WARNING * * *
The orc priest mumbles some strange prayers to Beogh against you.
Beogh smites you!
You die...

##..# #
#...# .#
#.#.##.##
#.#.....#
#...o....
#......#
#.o....#
#@o....#
#....o....#
##.......?#
#..#####.#
#.. # #.#
##


You could see an orc priest, an orc wizard (fast) and 2 orcs.

Vanquished Creatures
  2 scorpions (D:4)
  3 orc priests (D:4)
  A bullfrog skeleton (D:4)
  A hound (D:4)
  2 orc wizards (D:4)
  Jessica (D:3)
  2 worker ants (D:4)
  4 gnolls (D:3)
  6 adders
  A worm (D:2)
  3 dart slugs
  3 leopard geckos
  16 orcs
  3 ball pythons
  2 giant cockroaches (D:3)
  6 goblins
  8 hobgoblins
  11 jackals
  3 kobolds
  A quokka (D:3)
  A ball python skeleton (D:4)
  7 bats
  4 frilled lizards
  5 rats
96 creatures vanquished.

Vanquished Creatures (others)
  2 plants
2 creatures vanquished.

Grand Total: 98 creatures vanquished

Notes
Turn   | Place    | Note
-------+----------+-------------------------------------------
     0 | D:1      | Mitsuki the Deep Elf Conjurer began the quest for the Orb.
     0 | D:1      | Reached XP level 1. HP: 10/10 MP: 6/6
   199 | D:1      | Reached XP level 2. HP: 15/15 MP: 5/8
   945 | D:2      | Reached skill level 5 in Conjurations
   945 | D:2      | Reached XP level 3. HP: 19/19 MP: 7/10
   948 | D:2      | Learned a level 2 spell: Searing Ray
  1026 | D:2      | Learned a level 1 spell: Apportation
  1555 | D:3      | Reached XP level 4. HP: 24/24 MP: 4/11
  1571 | D:3      | Reached skill level 1 in Translocations
  1604 | D:3      | Noticed Jessica
  1606 | D:3      | Killed Jessica
  1676 | D:3      | Found a faded altar of an unknown god.
  1994 | D:3      | Reached XP level 5. HP: 28/28 MP: 13/13
  2016 | D:3      | Reached skill level 1 in Shields
  2018 | D:3      | Got a flickering wooden ring
  2021 | D:3      | Identified the ring of Ephemeral Luck {Str+4 Stlth+} (You
                  | found it on level 3 of the Dungeon)
  2334 | D:4      | Reached skill level 6 in Conjurations
  2512 | D:4      | Reached XP level 6. HP: 32/32 MP: 14/14
  2872 | D:4      | Identified the +2 leather armour "Ebejoboa" {rN+}
  3206 | D:4      | Reached XP level 7. HP: 36/36 MP: 16/16
  3258 | D:4      | Reached skill level 5 in Spellcasting
  3424 | D:5      | Entered Level 5 of the Dungeon
  3432 | D:5      | HP: 1/36 [orc/+0 club (3)]
  3432 | D:5      | Killed from afar by an orc priest

Illustrated notes

Levels and vault maps discovered:
D:1:      lightli_arrival_isolated_outpost, layout_basic
D:2:      layout_loops_corners
D:3:      layout_rooms, chequers_ecumenical_altar_lobes, minmay_hedge_maze,
          minmay_checkerbox, uniq_jessica
D:4:      kennysheep_big_flooded_room, layout_loops_ring, serial_glass,
          glass_columns_a, glass_columns_a, glass_columns_a, glass_columns_c
D:5:      layout_rooms, basic_altar, serial_bayou_lake_a, uniq_pikel,
          uniq_duvessa

Skill      XL: |  1  2  3  4  5  6  7 |
---------------+----------------------+-----
Dodging        | 3 4 |  4.5
Conjurations   | 5 6 |  6.7
Translocations | 1 2 |  2.9
Spellcasting   | 4 5 |  5.0
Shields        | 1 |  1.9
Stealth        | |  2.4

Action                   |  1- 3 |  4- 6 |  7- 9 || total
-------------------------+-------+-------+-------++-------
Melee: Whip              |       |    11 |       ||    11
 Cast: Magic Dart        |    56 |   115 |    15 ||   186
       Searing Ray       |     2 |     6 |     2 ||    10
  Use: Scroll            |       |     5 |       ||     5
Armor: Leather armour    |       |     1 |     1 ||     2
Dodge: Dodged            |       |    15 |     3 ||    18
Block: Buckler           |     1 |     3 |       ||     4
